 Dungeon Crawl Stone Soup version 0.27-a0-1200-g94dc6ad4cf (webtiles) character file.

Game seed: 7891845581816585252

50 lunkers the Stinger (level 4, 0/30 HPs)
             Began as a Formicid Venom Mage on June 1, 2021.
             Slain by an adder (5 damage)
             ... on level 2 of the Dungeon.
             The game lasted 00:01:04 (625 turns).

lunkers the Stinger (Formicid Venom Mage)            Turns: 625, Time: 00:01:05

Health: 0/30       AC:  2    Str: 12 (13) XL:     4   Next: 4%
Magic:  0/8        EV: 12    Int: 12 (15) God:
Gold:   20         SH:  0    Dex:  9 (11) Spells: 5/8 levels left

rFire    . . .     SeeInvis +   c - +1 dagger (speed)
rCold    . . .     Faith    .   (no shield)
rNeg     . . .     Spirit   .   a - +0 robe
rPois    .         Reflect  .   (helmet unavailable)
rElec    .         Harm     .   (no cloak)
rCorr    .         Rampage  .   (no gloves)
Will     .....                  (no boots)
Stlth    ++........             (no amulet)
HPRegen  0.10/turn              (no ring)
MPRegen  0.11/turn              (no ring)

@: lethally poisoned (0 -> -5)
A: permanent stasis, dig shafts and tunnels, antennae 3, four strong arms
a: Dig, Shaft Self


You were on level 2 of the Dungeon.
You visited 1 branch of the dungeon, and saw 2 of its levels.

You collected 20 gold pieces.

Inventory:

Hand Weapons
 c - a +1 dagger of speed (weapon)
Armour
 a - a +0 robe (worn)
Scrolls
 d - a scroll of fog {unknown}
 e - a scroll of magic mapping {unknown}


   Skills:
 - Level 1.7 Dodging
 - Level 2.4 Stealth
 + Level 2.9 Spellcasting
 - Level 1.1 Transmutations
 * Level 5.5 Poison Magic


You had 5 spell levels left.
You knew the following spells:

 Your Spells              Type           Power      Damage    Failure   Level
a - Sting                 Tmut/Pois      36%        1d4       6%          1
b - Poisonous Vapours     Pois/Air       16%        N/A       12%         2

Your spell library contained the following spells:

 Spells                   Type           Power      Damage    Failure   Level
 Olgreb's Toxic Radiance  Pois           15%        N/A       26%         4
 Ignite Poison            Fire/Tmut/Pois 7%         N/A       30%         3
 Mephitic Cloud           Conj/Pois/Air  6%         N/A       34%         3


Dungeon Overview and Level Annotations

Branches:
Dungeon (1/15)

Altars:

Shops:
D:2 (

Annotations:
D:2 Sigmund


Innate Abilities, Weirdness & Mutations

You cannot be hasted, slowed, berserked, paralysed or teleported.
You can dig through walls and to a lower floor.
You have a pair of large antennae on your head. (SInv)
Your four strong arms can wield two-handed weapons with a shield.


Message History

Aiming: Sting (safe; 5% risk of failure)
Press: ? - help, Shift-Dir - straight line, f - adder
Aim: an adder (53% to hit)
The sting hits the adder but does no damage.
The adder is poisoned.
* * * LOW MAGIC WARNING * * *
* * * LOW HITPOINT WARNING * * *
You feel very sick. The adder barely misses you.
Unknown command.
You hit the adder.
The adder is moderately wounded.
* * * LOW HITPOINT WARNING * * *
You feel sick. The adder closely misses you.
You hit the adder.
The adder is heavily wounded.
* * * LOW HITPOINT WARNING * * *
You feel sick. The adder bites you.
* * * LOW HITPOINT WARNING * * *
You barely miss the adder.
The adder is heavily wounded.
* * * LOW HITPOINT WARNING * * *
You feel sick. The adder barely misses you.
Casting: Sting (safe; 5% risk of failure)
Confirm with . or Enter, or press ? or * to list all spells.
Aiming: Sting (safe; 5% risk of failure)
Press: ? - help, Shift-Dir - straight line, f/p - adder
Aim: an adder (heavily wounded, poisoned, 53% to hit)
The sting misses the adder.
* * * LOW MAGIC WARNING * * *
* * * LOW HITPOINT WARNING * * *
You feel sick. The adder barely misses you.
Unknown command.
Unknown command.
It was a potion of degeneration.
There was something very wrong with that liquid.
You feel weakened.
You feel dopey.
You feel clumsy.
* * * LOW HITPOINT WARNING * * *
You feel sick. The adder bites you.
You die...

#.....#.####......#
###.#..............#
#####.##..##..........
#.........##...!......
###....####..#..8.......
....#### #.>#...(......
.##.# #.....∩.......
.##.# #.#..........#
##).# #.##.S@†......
#.## #.##.......... #.#
#.##..8....... #<#
#.##.......... #)#
#.##.........) ...#
#............. ..## {
...###......#. #. ..
######## #.


You could see an adder (poisoned).

Vanquished Creatures
  Terence (D:2)
  An adder (D:2)
  A dart slug (D:1)
  A giant cockroach (D:1)
  A goblin (D:2)
  A hobgoblin (D:2)
  A quokka (D:2)
  2 ball pythons (D:2)
  A frilled lizard (D:1)
  4 kobolds
  A rat (D:2)
15 creatures vanquished.

Notes
Turn   | Place    | Note
-------+----------+-------------------------------------------
     0 | D:1      | lunkers the Formicid Venom Mage began the quest for the
                  | Orb.
     0 | D:1      | Reached XP level 1. HP: 13/13 MP: 3/3
   254 | D:1      | Reached XP level 2. HP: 19/19 MP: 3/5
   286 | D:1      | You fall into a shaft and drop 1 floor!
   387 | D:2      | Noticed Sigmund
   392 | D:2      | Learned a level 2 spell: Poisonous Vapours
   500 | D:2      | Noticed Terence
   520 | D:2      | Killed Terence
   521 | D:2      | Reached skill level 5 in Poison Magic
   521 | D:2      | Reached XP level 3. HP: 22/24 MP: 1/7
   604 | D:2      | Found Pyowus's Antique Weapon Emporium.
   620 | D:2      | Reached XP level 4. HP: 19/30 MP: 1/8
   625 | D:2      | Slain by an adder

Illustrated notes

Levels and vault maps discovered:
D:1:      dpeg_chamrin_arrival_tetris, layout_rooms,
          hellmonk_ecumenical_altar_crossroads, minmay_misc_feat_tower,
          minmay_misc_feat_doors
D:2:      layout_rooms, serial_shops, shop_statue, basic_altar, uniq_terence,
          uniq_sigmund

Skill      XL: |  1  2 |
---------------+-------+-----
Poison Magic   | 5 |  5.5
Dodging        | |  1.7
Stealth        | |  2.4
Spellcasting   | |  2.9
Transmutations | |  1.1

Action                   |  1- 3 |  4- 6 || total
-------------------------+-------+-------++-------
Melee: Unarmed           |     4 |       ||     4
       Dagger            |     5 |     3 ||     8
 Cast: Sting             |    27 |     2 ||    29
  Use: Potion            |       |     1 ||     1
Armor: Robe              |     1 |       ||     1
Dodge: Dodged            |    12 |     4 ||    16

Table legend: (Time is in decaauts)
 A = Elapsed time spent in this place.
 B = Non-inter-level travel time spent in this place.
 C = Inter-level travel time spent in this place.
 D = Time resting spent in this place.
 E = Time spent auto-exploring this place.
 F = Levels seen in this place.
 G = Mean time per level.
                   A        B        C        D        E       F      G
               +--------+--------+--------+--------+--------+-----+--------+
         Total |    621 |    621 |      0 |     54 |    422 |   2 |  310.5 |
       Dungeon |    621 |    621 |      0 |     54 |    422 |   2 |  310.5 |
               +--------+--------+--------+--------+--------+-----+--------+

Top non-repeatable levels by time:
     D:2: 336 daAuts
     D:1: 285 daAuts
